 Dungeon Crawl Stone Soup version 0.30.0-29-ga12c61a403 (webtiles) character file.

Game seed: 7602935965677950083

38 ChrisAssaf the Sneak (level 3, 0/27 HPs)
             Began as a Demonspawn Brigand on June 25, 2023.
             Killed from afar by an orc wizard (8 damage)
             ... with a magic dart
             ... on level 2 of the Dungeon.
             The game lasted 00:02:44 (615 turns).

ChrisAssaf the Sneak (Demonspawn Brigand)            Turns: 615, Time: 00:02:45

Health: 0/27       AC:  3    Str: 11    XL:     3   Next: 25%
Magic:  3/3        EV: 12    Int: 16    God:
Gold:   66         SH:  0    Dex: 14    Spells: 2/2 levels left

rFire   . . .        a - +2 dagger
rCold   . . .        (no shield)
rNeg    . . .        b - +0 robe
rPois   .            (helmet restricted)
rElec   .            c - +0 cloak
rCorr   .            (no gloves)
SInv    .            (no boots)
Will    .....        (no amulet)
Stlth   +            (no ring)
HPRegen 0.24/turn    (no ring)
MPRegen 0.08/turn

%: no passive effects
@: confused
A: antennae 1, big brain 1
a: no special abilities


You were on level 2 of the Dungeon.
You visited 1 branch of the dungeon, and saw 2 of its levels.

You collected 66 gold pieces.

Inventory:

Hand Weapons
 a - a +2 dagger (weapon)
Missiles
 d - 11 poisoned darts (quivered)
 e - 3 curare-tipped darts
Armour
 b - a +0 robe (worn)
 c - a +0 cloak (worn)
Scrolls
 h - a scroll of blinking {unknown}
 i - a scroll of brand weapon {unknown}
 n - a scroll of poison {unknown}
Potions
 f - a potion of berserk rage {unknown}
 g - a potion of ambrosia {unknown}
 k - a potion of mutation {unknown}
 l - a potion of resistance {unknown}
 m - a potion of haste {unknown}


   Skills:
 * Level 2.1 Fighting
 * Level 2.1 Short Blades
 * Level 1.8 Throwing
 * Level 0.1 Armour
 * Level 1.2 Dodging
 * Level 4.2 Stealth
 * Level 0.2 Spellcasting


You had 2 spell levels left.
You didn't know any spells.
Your spell library was empty.

Dungeon Overview and Level Annotations

Branches:
Dungeon (2/15)

Altars:


Innate Abilities, Weirdness & Mutations

You have a pair of small antennae on your head.
You have an unusually large brain. (Int +2)


Message History

You hit the orc.
You kill the orc!
You miss something. Something hits you.
You hit something but do no damage.
You hear some strange, mumbled words.
A magic dart appears from out of thin air!
The magic dart hits you!
You hit something. You closely miss something. Something hits you.
* * * LOW HITPOINT WARNING * * *
You hit something. Something hits you.
* * * LOW HITPOINT WARNING * * *
You miss something. Something hits you but does no damage.
You closely miss something. Something hits you.
* * * LOW HITPOINT WARNING * * *
It was a potion of curing.
You feel better.
You hear some strange, mumbled words.
You are confused.
You closely miss something. Something hits you but does no damage.
You hit something. Something hits you but does no damage.
Something hits you but does no damage.
You bump into the rock wall.
An orc wizard appears from thin air!
Reactivating autopickup.
The orc wizard hits you but does no damage.
You bump into the rock wall.
The orc wizard hits you but does no damage.
You bump into the rock wall.
The orc wizard barely misses you.
Unknown command.
You bump into the rock wall.
The orc wizard points at you and mumbles some strange words.
You are more confused.
You're too confused to move!
The orc wizard gestures at you while chanting.
The magic dart hits you!
You bump into the rock wall.
The orc wizard hits you with a +0 dagger.
* * * LOW HITPOINT WARNING * * *
The orc wizard casts a spell at you. The magic dart hits you!
You die...

.# #. .# .# #. .# .# #.#.#
.# ####...# .# ##....(.#
.##########.<# #)#
....).......####o##########
...........###.............
...........#...#@########..
.######....#.###.## .#
####...# #..# .#
##..####.## .# #........#
.# #....####.#.# #.####
#.#... .. #....... ...
..........


You could see an orc wizard.

Vanquished Creatures
  3 orcs (D:2)
  A bat (D:1)
  An endoplasm (D:1)
  3 giant cockroaches (D:1)
  7 goblins
  2 hobgoblins (D:1)
  5 jackals
  A ball python (D:1)
  2 kobolds (D:1)
  5 rats
30 creatures vanquished.

Notes
Turn   | Place    | Note
-------+----------+-------------------------------------------
     0 | D:1      | ChrisAssaf the Demonspawn Brigand began the quest for the
                  | Orb.
     0 | D:1      | Reached XP level 1. HP: 16/16 MP: 1/1
    87 | D:1      | Reached skill level 1 in Dodging
    94 | D:1      | Gained mutation: You have a pair of small antennae on your
                  | head. [demonic ancestry]
    94 | D:1      | Reached XP level 2. HP: 13/22 MP: 2/2
   179 | D:1      | Reached skill level 4 in Stealth
   567 | D:2      | Gained mutation: You have an unusually large brain. (Int
                  | +2) [demonic ancestry]
   567 | D:2      | Reached XP level 3. HP: 27/27 MP: 3/3
   615 | D:2      | Killed from afar by an orc wizard

Illustrated notes

Levels and vault maps discovered:
D:1:      ncdulo_watergridlock, layout_basic
D:2:      layout_rooms, hellmonk_ecumenical_altar_leap_of_faith

Skill      XL: |  1  2 |
---------------+-------+-----
Dodging        | 1 |  1.2
Stealth        | 4 |  4.2
Short Blades   | 2 |  2.1
Fighting       | |  2.1
Throwing       | |  1.8
Armour         | |  0.1
Spellcasting   | |  0.2

Action                     || total
---------------------------++-------
  Melee: Dagger            ||   108
         Punch             ||     2
  Throw: Dart              ||     4
    Use: Potion            ||     1
   Stab: Sleeping          ||     9
 Armour: Robe              ||    34
  Dodge: Dodged            ||    51
